 Dungeon Crawl Stone Soup version 0.26.1-11-gd32895ea62 (webtiles) character file.

Game seed: 8155220287349413829

1932 adizb the Grave Robber (level 8, -1/52 HPs)
             Began as a Mummy Necromancer on June 26, 2021.
             Was a Priest of Nemelex Xobeh.
             Shot with an arrow by a centaur (3 damage)
             ... on level 6 of the Dungeon on June 27, 2021.
             The game lasted 01:08:47 (5054 turns).

adizb the Grave Robber (Mummy Necromancer)          Turns: 5054, Time: 01:08:48

Health: -1/52      AC:  3    Str: 18    XL:     8   Next: 97%
Magic:  15/18      EV: 13    Int: 16    God:    Nemelex Xobeh [***...]
Gold:   318        SH:  0    Dex: 12    Spells: 12/21 levels left

rFire    x . .     SeeInvis +   p - +0 dagger (vamp)
rCold    + . .     Faith    +   (no shield)
rNeg     + + +     Spirit   .   a - +0 robe
rPois    ∞         Reflect  .   m - +0 helmet
rElec    .         Harm     .   (no cloak)
rCorr    .         Rampage  .   (no gloves)
Will     +....                  (no boots)
Stlth    ++........             q - amulet of faith
HPRegen  0.17/turn              d - ring of see invisible
MPRegen  0.16/turn              k - +6 ring of strength

@: no status effects
A: no potions, fire vulnerability, cold resistance 1, negative energy resistance
3, torment resistance, unbreathing
a: Renounce Religion, Draw Escape, Draw Destruction, Draw Summoning, Triple Draw


You were on level 6 of the Dungeon.
You worshipped Nemelex Xobeh.
Nemelex Xobeh was most pleased with you.
You visited 1 branch of the dungeon, and saw 6 of its levels.
You also visited: Sewer.

You collected 318 gold pieces.

Inventory:

Hand Weapons
 b - a +3 short sword
 e - a +0 dagger of draining
 o - a +3 trident
 p - a +0 vampiric dagger (weapon)
Armour
 a - a +0 robe (worn)
 h - a scarf of harm
 m - a +0 helmet (worn)
Jewellery
 d - a ring of see invisible (left hand)
 i - an uncursed ring of fire
 j - an uncursed ring of willpower
 k - a +6 ring of strength (right hand)
 q - an amulet of faith (around neck)
 s - an uncursed ring of positive energy
Wands
 t - a wand of acid (5) (quivered)
Scrolls
 c - a scroll of fog
 f - a scroll of identify
 g - 2 scrolls of magic mapping
 l - 2 scrolls of immolation
 n - 3 scrolls of fear
 r - 2 scrolls of noise
 u - a scroll of remove curse
 v - a scroll of teleportation
 w - a scroll of acquirement {unknown}
 x - a scroll of blinking {unknown}


   Skills:
 + Level 3.9 Dodging
 + Level 4.1 Stealth
 + Level 7.2 Spellcasting
 * Level 7.9 Necromancy
 + Level 2.6 Air Magic
 + Level 2.2 Invocations


You had 12 spell levels left.
You knew the following spells:

 Your Spells              Type           Power        Failure   Level
a - Pain                  Necr           100%         1%          1
b - Animate Skeleton      Necr           62%          1%          1
c - Vampiric Draining     Necr           15%          1%          3
d - Animate Dead          Necr           15%          4%          4

Your spell library contained the following spells:

 Spells                   Type           Power        Failure   Level
 Agony                    Necr           31%          13%         5
 Confusing Touch          Hex            5%           36%         3
 Gell's Gravitas          Tloc           2%           36%         3
 Summon Lightning Spire   Summ/Air       10%          56%         4
 Petrify                  Tmut/Erth      5%           77%         4
 Silence                  Hex/Air        5%           89%         5
 Metabolic Englaciation   Hex/Ice        2%           98%         5
 Yara's Violent Unravell  Hex/Tmut       2%           98%         5
 Conjure Ball Lightning   Conj/Air       5%           100%        6
 Tornado                  Air            7%           100%        9


Dungeon Overview and Level Annotations

Branches:
Dungeon (6/15)             Temple (0/1) D:4           Sewer (visited)

Altars:
Elyvilon
Fedhas
Gozag
Makhleb
Nemelex Xobeh
Okawaru
Ru
Trog
Wu Jian
Zin

Annotations:
D:3 3 runed translucent doors, Diggabert's ghost, amateur OpFi
D:5 1 runed translucent door


Innate Abilities, Weirdness & Mutations

You do not drink.
Your flesh is vulnerable to fire.
You are immune to poison.
Your flesh is cold resistant. (rC+)
You are immune to negative energy. (rN+++)
You are immune to unholy pain and torment.
You can survive without breathing.


Message History

Casting: Pain (safe; 1% risk of failure)
Confirm with . or Enter, or press ? or * to list all spells.
Aiming: Pain (safe; 1% risk of failure)
Press: ? - help, Shift-Dir - straight line, f/p - centaur
Aim: a centaur, wielding a +0 shortbow and quivering 11 arrows (moderately wounded, chance to affect: 84%)
The centaur writhes in agony.
The centaur shoots an arrow.
The arrow closely misses you.
The centaur shoots an arrow.
The arrow misses you.
Casting: Pain (safe; 1% risk of failure)
Confirm with . or Enter, or press ? or * to list all spells.
Aiming: Pain (safe; 1% risk of failure)
Press: ? - help, Shift-Dir - straight line, f/p - centaur
Aim: a centaur, wielding a +0 shortbow and quivering 10 arrows (severely wounded, chance to affect: 84%)
The centaur writhes in agony.
The centaur shoots an arrow.
The arrow hits you.
* * * LOW HITPOINT WARNING * * *
The centaur shoots an arrow.
The arrow hits you!
* * * LOW HITPOINT WARNING * * *
The centaur shoots an arrow.
The arrow hits you.
You die...
Your body glows slightly and disappears.

#.....#..................!
.#...............†........#
###......................##.#
#....##.....................#
#..# #.).................#..
#####..###..(....#...........##.
##..##............#............#.
###..............................
..#.............@.....#..........
........#......((..≈≈≈≈≈≈ ≈≈≈≈≈.
.[.....#.##........≈≈≈≈≈≈ ≈≈≈≈≈≈.
.......##.....#....≈≈≈≈≈≈ ≈≈≈≈≈≈.
.......##..#.......≈c≈≈≈≈ ≈≈≈≈≈≈.
......#.#...#......≈≈≈≈≈c ≈≈≈≈≈≈.
......##<##........≈≈≈≈≈. ?≈≈≈≈≈.
.......##.##.......≈≈≈c≈. .≈≈≈≈≈.
.####... #.......#.≈≈≈≈≈...≈≈≈≈≈.


You could see 2 centaurs.

Vanquished Creatures
  Grinder (D:6)
  Prince Ribbit (D:6)
  An orc warrior (D:6)
  An ogre (D:4)
  6 bullfrogs
  A scorpion (D:3)
  A hound (D:3)
  2 orc priests
  A jelly (D:6)
  2 bullfrog skeletons
  Ijyb (D:5)
  2 iguanas (D:4)
  7 worker ants
  3 orc wizards
  A hound zombie (D:5)
  Robin (D:2)
  A howler monkey skeleton (D:6)
  A gnoll (D:1)
  13 adders
  4 river rats
  A shadow imp (D:5)
  An ooze (D:1)
  An adder skeleton (D:5)
  2 worms
  A dart slug (D:1)
  6 leopard geckos
  11 orcs
  4 ball pythons
  6 bats
  7 giant cockroaches
  16 goblins
  9 hobgoblins
  9 jackals
  2 quokkas
  9 frilled lizards
  8 kobolds
  10 rats
154 creatures vanquished.

Vanquished Creatures (collateral kills)
  The ghost of MemeProof the Shield-Bearer, a novice MiFi (D:5)
  An iguana (D:5)
  A worm (D:5)
  A dart slug (D:1)
  A giant cockroach (D:4)
  A jackal (D:6)
6 creatures vanquished.

Vanquished Creatures (others)
  A river rat (D:5)
1 creature vanquished.

Grand Total: 161 creatures vanquished

Notes
Turn   | Place    | Note
-------+----------+-------------------------------------------
     0 | D:1      | adizb the Mummy Necromancer began the quest for the Orb.
     0 | D:1      | Reached XP level 1. HP: 13/13 MP: 4/4
     2 | D:1      | Learned a level 1 spell: Animate Skeleton
    96 | D:1      | Reached XP level 2. HP: 17/19 MP: 2/5
   259 | D:1      | Found an iron altar of Okawaru.
   316 | D:1      | Reached XP level 3. HP: 18/24 MP: 4/7
   445 | D:2      | Noticed Robin
   661 | D:2      | Found a sacrificial altar of Ru.
   993 | D:2      | Reached skill level 5 in Necromancy
   993 | D:2      | Reached XP level 4. HP: 25/30 MP: 5/9
  1023 | D:2      | Found a faded altar of an unknown god.
  1050 | D:2      | Found a white marble altar of Elyvilon.
  1074 | D:2      | Found an opulent altar of Gozag.
  1083 | D:2      | Found a glowing silver altar of Zin.
  1141 | D:2      | Reached XP level 5. HP: 33/35 MP: 9/11
  1300 | D:2      | Killed Robin
  1326 | D:2      | Learned a level 3 spell: Vampiric Draining
  1686 | D:3      | Found a glowing drain.
  1695 | Sewer    | Entered a sewer
  1905 | Sewer    | Reached XP level 6. HP: 14/41 MP: 3/13
  1998 | D:3      | Reached skill level 5 in Spellcasting
  2033 | D:3      | Found a sparkling altar of Nemelex Xobeh.
  2042 | D:3      | Became a worshipper of Nemelex Xobeh the Trickster
  2124 | D:3      | Noticed Diggabert's ghost (amateur OpFi)
  2200 | D:3      | Found a runed translucent gate.
  2200 | D:3      | Found a runed translucent gate.
  2200 | D:3      | Found a runed translucent gate.
  2526 | D:4      | Reached XP level 7. HP: 21/46 MP: 13/15
  2544 | D:4      | Reached skill level 1 in Air Magic
  2938 | D:4      | Reached * piety under Nemelex Xobeh
  2977 | D:4      | Found a staircase to the Ecumenical Temple.
  3238 | D:5      | Entered Level 5 of the Dungeon
  3304 | D:5      | Found a runed translucent door.
  3308 | D:5      | Noticed MemeProof's ghost (novice MiFi)
  3358 | D:5      | Received a gift from Nemelex Xobeh
  3505 | D:5      | Noticed Ijyb
  3512 | D:5      | Killed Ijyb
  3782 | D:5      | Reached ** piety under Nemelex Xobeh
  3803 | D:5      | Found an ornate altar of the Wu Jian Council.
  3887 | D:5      | Found a runed translucent door.
  3910 | D:5      | Killed MemeProof's ghost
  3911 | D:5      | Reached XP level 8. HP: 18/52 MP: 17/17
  4095 | D:5      | Reached skill level 1 in Invocations
  4144 | D:6      | Noticed Prince Ribbit
  4156 | D:6      | Killed Prince Ribbit
  4292 | D:6      | Found a burning altar of Makhleb.
  4292 | D:6      | Found a bloodstained altar of Trog.
  4638 | D:6      | Received a gift from Nemelex Xobeh
  4672 | D:6      | Learned a level 4 spell: Animate Dead
  4729 | D:6      | Found a blossoming altar of Fedhas.
  4863 | D:6      | Noticed Grinder
  4872 | D:6      | Killed Grinder
  4890 | D:6      | Reached *** piety under Nemelex Xobeh
  5054 | D:6      | HP: 2/52 [centaur/arrow (10)]
  5054 | D:6      | Shot with an arrow by a centaur

Illustrated notes

Levels and vault maps discovered:
D:1:      dpeg_arrival_rooms_b, layout_rooms, corexii_corridor_pit,
          okawaru_ov_weapons_minmay
D:2:      lemuel_upstairs_altar, layout_basic, lemuel_round_altar, zin_statuary,
          overflow_temple_1_default, nicolae_ru_path_of_blood,
          chequers_ecumenical_altar_twisty, uniq_robin
D:3:      layout_loops_corners, old_standard_altar, gammafunk_ghost_icy,
          portal_sewer_entry_e, minmay_misc_feat_secret_circle,
          grunt_ministairs_10
D:4:      layout_loops_ring, minmay_temple_entry_trees
D:5:      layout_gridville, pdpol_wu_jian_five_deadly_venoms,
          ebering_ghost_sewer_f, minmay_stone_trees_small, uniq_ijyb
D:6:      nicolae_whirlpool, layout_layer_cave, lemuel_doored_altar,
          nicolae_overflow_hidden_temple, uniq_edmund, uniq_prince_ribbit1,
          uniq_grinder

Skill      XL: |  1  2  3  4  5  6  7  8 |
---------------+-------------------------+-----
Spellcasting   | 3 4 5 6 7 |  7.2
Necromancy     | 5 6 7 |  7.9
Stealth        | 2 3 4 |  4.1
Dodging        | 2 3 |  3.9
Air Magic      | 1 2 |  2.6
Invocations    | 2 |  2.2

Action                   |  1- 3 |  4- 6 |  7- 9 || total
-------------------------+-------+-------+-------++-------
Melee: Whip              |    18 |       |       ||    18
       Short sword       |    15 |    48 |       ||    63
       Spear             |     4 |       |       ||     4
       Dagger            |       |    16 |   107 ||   123
 Cast: Pain              |    59 |    95 |   112 ||   266
       Animate Skeleton  |     1 |       |     2 ||     3
       Vampiric Draining |       |     8 |    20 ||    28
Invok: Draw Destruction  |       |       |     7 ||     7
       Draw Summoning    |       |       |     2 ||     2
Evoke: Wand              |       |    10 |     3 ||    13
  Use: Scroll            |       |     7 |     6 ||    13
 Stab: Sleeping          |     1 |       |     2 ||     3
Armor: Robe              |     6 |    14 |    22 ||    42
Dodge: Dodged            |    25 |    63 |   115 ||   203
